Map: Ulrena

Players

CREW - Winner!

  • Race: Protoss Protoss
  • League: Gold
  • Spawn Location: 11:00

Fropez

  • Race: Protoss Protoss
  • League: Silver
  • Spawn Location: 7:00

VOD

Have the link to the VOD?

Description

Time

  • Played on: July 11, 2016, 6:41 p.m.
  • Length: 18:30
Show
View Real Time Build Order
Export as new Build Order

CREW Protoss - Winner!

Build Orders:  

Get SALT Encoding   

  12  0:06  Probe (Chrono Boost)  
  13  0:14  Pylon  
  13  0:24  Probe (Chrono Boost)  
  14  0:34  Gateway  
  14  0:36  Probe (Chrono Boost)  
  15  0:46  Assimilator  
  15  0:47  Probe (Chrono Boost)  
  16  0:57  Probe (Chrono Boost)  
  17  1:06  Pylon  
  17  1:08  Probe (Chrono Boost)  
  18  1:38  Cybernetics Core  
  18  1:47  Probe (Chrono Boost)  
  18  1:52  Assimilator  
  19  1:55  Gateway  
  19  1:58  Probe (Chrono Boost)  
  20  2:08  Pylon  
  19  2:13  Probe (Chrono Boost)  
  20  2:15  Warp Gate (Chrono Boost)  
  20  2:23  Pylon  
  20  2:25  Probe  
  21  2:34  Gateway  
  21  2:35  Stalker  
  21  2:36  Gateway  
  23  2:37  Probe  
  24  2:49  Probe  
  27  3:05  Stalker  
  27  3:07  Stalker  
  29  3:24  Twilight Council  
  29  3:28  Mothership Core  
  30  3:35  Stalker  
  32  3:44  Stalker  
  34  4:37  Stalker x2  
  38  4:50  Nexus  
  38  4:53  Pylon  
  38  5:15  Stalker  
  38  5:16  Stalker x2  
  44  5:23  Probe  
  44  5:26  Blink (Chrono Boost)  
  41  5:49  Stalker x2  
  45  5:50  Stalker  
  47  6:00  Probe  
  47  6:01  Probe  
  49  6:11  Probe  
  49  6:13  Probe  
  49  6:15  Sentry  
  49  6:17  Stalker  
  55  6:22  Probe  
  55  6:25  Probe  
  57  6:34  Probe  
  57  6:36  Robotics Facility  
  56  6:49  Probe  
  56  6:51  Probe  
  58  7:00  Probe  
  58  7:03  Probe  
  60  7:11  Stalker x2  
  60  7:12  Stalker  
  66  7:17  Pylon  
  66  7:22  Pylon  
  66  7:31  Immortal  
  66  7:36  Probe  
  70  7:37  Probe  
  70  7:42  Assimilator  
  72  7:48  Zealot x2  
  76  7:58  Probe  
  76  7:59  Probe  
  78  8:05  Assimilator  
  78  8:10  Pylon  
  78  8:13  Immortal (Chrono Boost)  
  78  8:14  Pylon  
  82  8:21  Charge (Chrono Boost)  
  82  8:42  Forge  
  82  8:43  Probe  
  82  8:44  Probe  
  82  8:47  Pylon  
  84  8:52  Immortal (Chrono Boost)  
  84  8:55  Sentry  
  90  8:57  Zealot x2  
  90  8:59  Probe  
  90  9:00  Probe  
  96  9:15  Forge  
  96  9:21  Robotics Facility  
  96  9:30  Robotics Bay, Protoss Ground Weapons Level 1 (Chrono Boost)  
  96  9:31  Observer  
  97  9:44  Mothership Core  
  97  9:46  Stalker x2  
  101  9:56  Stalker  
  101  9:57  Stalker  
  109  10:25  Disruptor  
  108  10:37  Disruptor  
  108  10:57  Protoss Ground Armor Level 1 (Chrono Boost)  
  108  11:00  Zealot  
  108  11:03  Nexus  
  110  11:06  Pylon x2  
  110  11:09  Pylon  
  108  11:36  Zealot x4  
  116  12:01  Gateway  
  116  12:03  Probe  
  116  12:04  Gateway  
  116  12:05  Probe, Gateway  
  118  12:10  Immortal x2  
  118  12:14  Probe  
  126  12:17  Probe  
  128  12:26  Stalker  
  128  12:27  Stalker x3  
  136  12:49  Immortal  
  100  13:26  Stalker  
  100  13:27  Stalker x2  
  84  13:48  Immortal x2  
  89  13:52  Zealot x4  
  97  14:08  Probe x2  
  97  14:10  Probe  
  97  14:12  Zealot  
  97  14:13  Zealot x5  
  97  14:14  Zealot  
  114  14:19  Protoss Ground Weapons Level 2 (Chrono Boost)  
  114  14:20  Protoss Ground Armor Level 2 (Chrono Boost)  
  114  14:22  Probe  
  115  14:35  Assimilator  
  115  14:38  Assimilator  
  115  14:40  Pylon  
  115  14:44  Zealot  
  115  14:45  Zealot x5  
  125  14:46  Zealot  
  113  15:20  Zealot x5  
  113  15:21  Zealot x2  
  123  15:23  Probe  
  123  15:24  Probe  
  123  15:25  Probe  
  126  15:34  Disruptor x2  
  132  15:56  Pylon  
  132  15:59  Gateway  
  132  16:02  Gateway  
  132  16:14  Nexus, Zealot x3  
  132  16:17  Pylon  
  138  16:20  Pylon  
  138  16:41  Zealot x3  
  138  16:42  Zealot x4  
  130  17:50  Stalker x3  
  130  17:51  Stalker x4  
  138  17:58  Probe x2  
  150  17:59  Probe x2  
Show
View Real Time Build Order
Export as new Build Order

Fropez Protoss 

Build Orders:  

Get SALT Encoding   

  12  0:02  Probe (Chrono Boost)  
  13  0:18  Pylon  
  13  0:19  Probe (Chrono Boost)  
  14  0:30  Probe (Chrono Boost)  
  15  0:37  Gateway  
  15  0:40  Probe (Chrono Boost)  
  16  0:50  Assimilator  
  16  0:51  Probe (Chrono Boost)  
  17  1:02  Gateway  
  17  1:05  Probe (Chrono Boost)  
  18  1:16  Probe (Chrono Boost)  
  19  1:28  Cybernetics Core  
  19  1:38  Probe (Chrono Boost)  
  19  1:39  Zealot (Chrono Boost)  
  20  1:55  Probe  
  20  2:00  Assimilator  
  21  2:05  Warp Gate (Chrono Boost)  
  21  2:07  Pylon  
  23  2:08  Adept (Chrono Boost)  
  23  2:19  Pylon  
  23  2:25  Adept (Chrono Boost), Probe  
  26  2:32  Adept  
  28  2:41  Mothership Core  
  30  2:52  Gateway  
  30  2:55  Adept  
  32  3:02  Probe  
  33  3:10  Pylon  
  33  3:14  Probe  
  34  3:26  Probe  
  35  3:38  Probe  
  36  4:08  Nexus  
  36  4:12  Probe  
  36  4:15  Adept  
  36  4:16  Adept x2, Pylon  
  43  4:33  Probe  
  44  4:38  Pylon  
  44  4:41  Adept  
  44  4:42  Adept  
  46  4:45  Probe  
  41  5:06  Stalker x2  
  41  5:07  Stalker  
  45  5:19  Probe  
  46  5:21  Probe  
  47  5:35  Robotics Facility  
  46  5:51  Probe  
  46  5:54  Probe  
  46  5:56  Stalker  
  46  5:57  Stalker x2  
  52  5:58  Assimilator  
  52  6:00  Assimilator  
  52  6:02  Probe  
  55  6:06  Probe  
  56  6:12  Forge  
  56  6:53  Immortal (Chrono Boost)  
  60  6:55  Stalker x3  
  60  7:00  Gateway  
  66  7:05  Pylon  
  66  7:07  Probe  
  67  7:11  Pylon  
  67  7:12  Probe  
  68  7:21  Probe  
  69  7:25  Immortal (Chrono Boost)  
  69  7:27  Protoss Ground Weapons Level 1 (Chrono Boost)  
  69  7:35  Stalker  
  69  7:36  Stalker x2  
  79  7:45  Twilight Council  
  79  7:48  Pylon  
  79  7:51  Probe  
  79  7:52  Probe  
  79  7:58  Pylon  
  81  8:02  Observer, Photon Cannon  
  81  8:03  Probe  
  83  8:12  Pylon, Probe  
  84  8:18  Sentry  
  84  8:19  Sentry x3  
  92  8:24  Blink  
  92  8:33  Pylon  
  92  8:36  Photon Cannon  
  92  8:38  Warp Prism  
  94  8:57  Probe x2  
  96  9:09  Immortal  
  100  9:26  Nexus  
  100  9:31  Stalker x3  
  106  9:58  Immortal  
  106  10:00  Stalker x4  
  118  10:11  Pylon  
  118  10:14  Pylon  
  114  10:35  Observer  
  107  11:12  Immortal  
  107  11:16  Protoss Ground Weapons Level 2 (Chrono Boost)  
  107  11:26  Sentry x2  
  107  11:27  Sentry x2  
  115  12:02  Probe x2, Gateway  
  115  12:03  Probe  
  115  12:06  Gateway x2  
  115  12:07  Immortal  
  118  12:09  Gateway  
  118  12:14  Pylon  
  122  12:17  Pylon  
  122  12:18  Zealot x4  
  98  13:01  Zealot x4  
  72  13:25  Stalker  
  72  13:26  Stalker x4  
  66  13:56  Gateway  
  66  13:57  Gateway  
  66  13:58  Gateway  
  66  14:04  Stalker x5  
  76  14:17  Nexus  
  76  14:20  Pylon  
  76  14:21  Pylon  
  76  14:23  Pylon  
  76  14:45  Twilight Council  
  76  14:46  Pylon  
  67  15:14  Sentry  
  67  15:15  Sentry x3  
  75  15:25  Sentry  
  75  15:26  Sentry x3  
  83  15:44  Probe  
  83  15:45  Probe  
  83  15:47  Robotics Bay  
  83  15:48  Pylon  
  85  16:03  Assimilator  
  85  16:06  Assimilator  
  85  16:21  Stalker x3  
  85  16:22  Stalker x3  
  59  17:24  Sentry x2  
  59  17:25  Sentry x6  
  71  17:38  Pylon  
  70  17:51  Mothership Core  
  70  17:54  Pylon  
  70  17:57  Stalker x3  
  70  17:58  Stalker x5  
Tags
 
Matchup
PvP
Replay Pack
All Mines
Spawn Locations
Close Positions
Add a new tag
Caveats
  • Supply blocks, unpowered buildings, or Contaminate may cause inaccurate times.
  • Supply counts are checked every 10 seconds.